Cogmind - Beta 13 @@@ ROGUE MODE // 2024.07.13 @ 01:14:03 Player: Venar246 Result: Destroyed by D-53 Grenadier with Mini Grenade Launcher Performance ------------- Evolutions (0) 0 Regions Visited (2) 400 Robots Destroyed (9) 45 Value Destroyed (185) 185 Prototype IDs (0) 0 Alien Tech Used (0) 0 Bonus (0) 0 TOTAL SCORE: 630 Bonus ------- None Cogmind --------- Core Integrity 0/250 Matter 279/300 Energy 98/100 System Corruption 2% Temperature Cool (0) Movement Core (350) Ox6 Location -10/Mines Parts ------- > --- POWER (1) -------- (None) > --- PROPULSION (2) --- (None) > --- UTILITY (2) ------ Large Storage Unit > --- WEAPON (2) ------- Light Assault Rifle > --- INVENTORY (15) --- Light Ion Engine Aluminum Leg Aluminum Leg Aluminum Leg Large Storage Unit Sensor Array Small Laser Datajack Peak State ------------ > --- POWER ------------ Light Ion Engine > --- PROPULSION ------- Aluminum Leg Aluminum Leg > --- UTILITY ---------- Small Storage Unit Large Storage Unit > --- WEAPON ----------- EM Pulse Gun EM Pulse Gun > --- INVENTORY -------- Light Ion Engine Aluminum Leg Aluminum Leg Sensor Array Small Laser Light Assault Rifle Light Assault Rifle Datajack [Rating: 7] Favorites ----------- Power Light Ion Engine Engine Light Ion Engine Propulsion Aluminum Leg Treads Light Treads Leg Aluminum Leg Utility Large Storage Unit Storage Large Storage Unit Weapon EM Pulse Gun Energy Gun EM Pulse Gun Ballistic Gun Light Assault Rifle Build | -11 -10 -10 ------- Run | Yrd Mat Min Slots Evolved . | . . . Power . | . . . Propulsion . | . . . Utility . | . . . Weapon . | . . . Parts Attached 26 | 8 9 9 Power 2 | 1 1 . Engine 2 | 1 1 . Core . | . . . Reactor . | . . . Propulsion 9 | 3 3 3 Treads 1 | 1 . . Leg 8 | 2 3 3 Wheel . | . . . Hover . | . . . Flight . | . . . Utility 2 | 1 1 . Device . | . . . Storage 2 | 1 1 . Processor . | . . . Hackware . | . . . Protection . | . . . Artifact . | . . . Weapon 13 | 3 4 6 Energy Gun 9 | 3 4 2 Energy Cannon . | . . . Ballistic Gun 4 | . . 4 Ballistic Cannon . | . . . Launcher . | . . . Special Weapon . | . . . Impact Weapon . | . . . Slashing Weapon . | . . . Piercing Weapon . | . . . Special Melee Weapon . | . . . Unidentified Prototypes . | . . . Corrupted Parts 1 | . . 1 System Corruption 2 | . . 2 Parts Lost 11 | . . 11 Power 1 | . . 1 Propulsion 4 | . . 4 Utility . | . . . Weapon 6 | . . 6 Highest Loss Streak 5 | . . 5 To Critical Strikes . | . . . Average Slot Usage (%) 75 | . 82 71 Engine 6 | . 14 2 Leg 27 | . 27 27 Storage 14 | . 14 14 Energy Gun 14 | . 26 6 Ballistic Gun 12 | . . 20 Naked Turns . | . . . Heaviest Build 32 | 12 32 27 Greatest Support 20 | 20 20 20 Greatest Overweight (x) 8 | 2 8 1 Average Overweight (x) . | . . 1 Largest Inventory Capacity 15 | 8 15 15 Average Capacity 12 | 6 11 15 Most Carried 10 | 3 9 10 Average Carried 7 | 1 7 8 Final Capacity 15 | 8 15 15 Final Carried 9 | 3 9 8 Class Distribution -------------------- 100% | Mutant Dominant Class ---------------- Mutant | -10/Materials Mutant | -10/Mines Resources | -11 -10 -10 ----------- Run | Yrd Mat Min Matter Collected 408 | 241 31 136 Remotely . | . . . Salvage Created 252 | . 108 144 Parts 18 | . 10 8 Haulers Intercepted . | . . . Recyclers Shooed . | . . . Parts Field Recycled . | . . . Retrieved Matter . | . . . Parts Self-Destructed . | . . . Prevented . | . . . Kills | -11 -10 -10 ------- Run | Yrd Mat Min Combat Hostiles Destroyed 9 | . 4 5 Guns 7 | . 3 4 AOE 2 | . 1 1 Classes Destroyed 2 | . 2 . Swarmer 6 | . 3 3 Grunt 3 | . 1 2 Best Kill Streak 3 | . 3 3 Combat Bots Only 3 | . 3 3 Max Kills in Single Turn 1 | . 1 1 Gunslinging . | . . . Exploded 1 | . 1 1 Melee . | . . . Uniques/NPCs Destroyed . | . . . Combat | -11 -10 -10 -------- Run | Yrd Mat Min Hostile Shots Fired 81 | . 17 64 Missed 23 | . 5 18 Damage Taken 972 | . 101 871 Core 287 | . 28 259 Absorbed by Shields . | . . . Core Remaining (%) 100 | 100 . . Volleys Fired 47 | . 14 33 Largest 2 | . 2 2 Hottest 80 | . 80 80 Shots Fired 84 | . 28 56 Gun 84 | . 28 56 Cannon . | . . . Launcher . | . . . Special . | . . . Kinetic 18 | . . 18 Thermal 17 | . . 17 Explosive . | . . . Electromagnetic 49 | . 28 21 Robot Hit Streak 8 | . 5 8 Robot Miss Streak 4 | . 3 4 Penetration Max . | . . . Secondary Targets 1 | . 1 . Max Gunslinging Chain 1 | . 1 . Shots Hit Robots 46 | . 10 36 Core Hits 16 | . 4 12 Critical Kills . | . . . Critical Parts Destroyed . | . . . Critical Strikes 1 | . . 1 Corrupt 1 | . . 1 Melee Attacks . | . . . Impact . | . . . Slashing . | . . . Piercing . | . . . Sneak Attacks . | . . . Combat Hostiles . | . . . Follow-up Attacks . | . . . Damage Inflicted 666 | 6 164 496 Guns 525 | . 136 389 Cannons . | . . . Explosions 134 | . 27 107 Melee . | . . . Ramming 7 | 6 1 . Kinetic 95 | . . 95 Thermal 243 | . 27 216 Explosive . | . . . Electromagnetic 321 | . 136 185 Impact . | . . . Slashing . | . . . Piercing . | . . . Highest Corruption 2 | . . 2 Average Corruption 2 | . . 2 Corruption Purged . | . . . Corruption Blocked . | . . . Effects 7 | . . 7 Message Errors 4 | . . 4 Matter Fused 2 | . . 2 Energy Discharges 1 | . . 1 Overload Shots . | . . . Overflow Damage 12 | . . 12 Projectiles . | . . . Explosions 12 | . . 12 Melee . | . . . Knockbacks . | . . . Impact . | . . . Kinetic . | . . . Secondary . | . . . Self-Inflicted Damage 50 | . . 50 Shots 1 | . . 1 Rammed . | . . . Targets Rammed 4 | 2 1 1 Kicked 4 | 2 1 1 Crushed . | . . . Highest Temperature 303 | . 108 303 Average Temperature 105 | . 40 150 Received Heat Transfer 243 | . 6 237 Effects 1 | . . 1 Interference 1 | . . 1 Siege Activations . | . . . Robots Corrupted . | . . . Combat Hostiles . | . . . Parts Fried 1 | . 1 . Impact Corruptions . | . . . Robots Melted . | . . . Combat Hostiles . | . . . Parts Melted . | . . . Heat Transferred 400 | . . 400 Parts Sabotaged . | . . . Parts Stolen . | . . . Parts Stripped . | . . . Power Chain Reactions 3 | . 1 2 Alert | -11 -10 -10 ------- Run | Yrd Mat Min Peak Influence 132 | . 132 114 Initial 51 | . . 51 Average 66 | . 99 61 Maximum Alert Level . | . . . Low Security (%) 100 | 100 100 100 Level 1 . | . . . Level 2 . | . . . Level 3 . | . . . Level 4 . | . . . Level 5 . | . . . High Security . | . . . Max Security . | . . . Squads Dispatched 1 | . 1 . Investigation . | . . . Extermination . | . . . Reinforcement 1 | . 1 . Assault . | . . . Garrison . | . . . Intercept . | . . . Searches Triggered . | . . . Construction Impeded . | . . . Haulers Reinforced . | . . . Active Scanning Responses . | . . . Cargo Convoy Interrupts . | . . . Stealth | -11 -10 -10 --------- Run | Yrd Mat Min Distress Signals . | . . . Communications Jammed . | . . . Distress Signals . | . . . Times Spotted 11 | . 4 7 Peak Tracking Total 3 | . 3 3 Tactical Retreats . | . . . Traps | -11 -10 -10 ------- Run | Yrd Mat Min Traps Triggered 4 | . 4 . Indirectly . | . . . Trap Hack Attempts . | . . . Triggered . | . . . Disarmed . | . . . Reprogrammed . | . . . Reused . | . . . Traps Extracted . | . . . Installed . | . . . Triggered . | . . . Machines | -11 -10 -10 ---------- Run | Yrd Mat Min Machines Disabled 1 | . 1 . Max in Single Turn 1 | . 1 . Machines Repaired . | . . . Machines Dismantled . | . . . Machines Sabotaged . | . . . Overloaded Fab Kills . | . . . Hacking | -11 -10 -10 --------- Run | Yrd Mat Min Machines Accessed . | . . . Terminals . | . . . Fabricators . | . . . Repair Stations . | . . . Recycling Units . | . . . Scanalyzers . | . . . Garrison Access . | . . . Total Hacks . | . . . Successful . | . . . Failed . | . . . Catastrophic . | . . . Database Lockouts . | . . . Manual . | . . . Terminals . | . . . Fabricators . | . . . Repair Stations . | . . . Recycling Units . | . . . Scanalyzers . | . . . Garrison Access . | . . . Terminal Hacks . | . . . Fabricator Hacks . | . . . Repair Station Hacks . | . . . Recycling Unit Hacks . | . . . Scanalyzer . | . . . Garrison Access Hacks . | . . . Unauthorized Hacks . | . . . Terminals . | . . . Fabricators . | . . . Repair Stations . | . . . Recycling Units . | . . . Scanalyzers . | . . . Garrison Access . | . . . Data Cores Recovered . | . . . Used . | . . . Hacking Detections . | . . . Full Trace Events . | . . . Feedback Events . | . . . Feedback Blocked . | . . . Robot Schematics Acquired . | . . . Robots Built . | . . . Authchips . | . . . Time . | . . . Total Robot Build Rating . | . . . Part Schematics Acquired . | . . . Parts Built . | . . . Authchips . | . . . Time . | . . . Total Part Build Rating . | . . . Parts Repaired . | . . . Time . | . . . Parts Recycled . | . . . Recycled Matter . | . . . Retrieved Matter . | . . . Retrieved Components . | . . . Parts Scanalyzed . | . . . Part Schematics Acquired . | . . . Parts Damaged . | . . . Bothacking | -11 -10 -10 ------------ Run | Yrd Mat Min Used RIF Installer . | . . . Robots Hacked . | . . . Non-combat . | . . . Combat . | . . . Robot Hacks Applied . | . . . Relay Couplers Released . | . . . Fabnet Peak Effective % . | . . . Robots Rewired . | . . . Allies Hacked . | . . . Hacks Repelled . | . . . Allies | -11 -10 -10 -------- Run | Yrd Mat Min Total Allies . | . . . Largest Group . | . . . Highest-Rated Group . | . . . Highest-Rated Ally . | . . . Total Orders . | . . . Ally Attacks . | . . . Total Damage . | . . . Kills . | . . . Allies Corrupted . | . . . Allies Melted . | . . . Intel | -11 -10 -10 ------- Run | Yrd Mat Min Robot Analysis Total . | . . . Derelict Logs Recovered . | . . . Drone Launches . | . . . Drone Recoveries . | . . . Exploration | -11 -10 -10 ------------- Run | Yrd Mat Min Turns Passed 1061 | 137 356 568 Spaces Moved 496 | 84 167 245 Core 26 | 25 1 . Treads 3 | 3 . . Legs 467 | 56 166 245 Wheels . | . . . Hover . | . . . Flight . | . . . Fastest Speed 50 | 50 120 190 Average Speed 176 | 141 173 190 Slowest Speed 450 | 190 450 190 Overloaded Moves . | . . . Propulsion Burnouts . | . . . Robots Hopped . | . . . Cave-ins Triggered . | . . . Exploration Rate (%) 25 | 6 27 44 Regions Visited 2 Branch Regions 1 Pre-discovered Areas . | . . . Known Exits Taken . | . . . Unknown Exits Taken 2 | 1 1 . Scrap Searched 1 | . . 1 Spaces Dug . | . . . Terrain Destroyed 16 | . 2 14 Melee . | . . . Projectile . | . . . AOE 16 | . 2 14 Terrain Rammed . | . . . Walls Destroyed . | . . . Machines Disabled . | . . . Actions | -11 -10 -10 --------- Run | Yrd Mat Min Total 593 | 97 203 293 Wait . | . . . Move 494 | 83 166 245 Hop . | . . . Pick Up 17 | 3 9 5 Fast Attach 16 | 7 9 . Attach 7 | . . 7 Detach . | . . . Swap 3 | 1 . 2 Drop 5 | 1 4 . Fire 47 | . 14 33 Melee . | . . . Ram . | . . . Kick 4 | 2 1 1 Crush . | . . . Escape Stasis . | . . . Rewire . | . . . Trap . | . . . Miscellaneous . | . . . Route ------- -11/Scrapyard -10/Materials -10/Mines (discovered 2 exits: [*Mat] / [*Sub]) History --------- Turn | Location | Event 23 | -11/Scrapyard | Discovered new exit (range 15) 138 | -11/Scrapyard | Entered Materials 333 | -10/Materials | Discovered new exit (range 14) 340 | -10/Materials | Build established: Mutant 494 | -10/Materials | Entered Mines 630 | -10/Mines | Lost 5 parts (1p2n2w) 683 | -10/Mines | Discovered new exit (range 8) 789 | -10/Mines | Discovered new exit (range 8) 1020 | -10/Mines | Assembled infested the area 1055 | -10/Mines | Core integrity fell below 50% 1059 | -10/Mines | Core integrity fell below 20% 1062 | -10/Mines | Destroyed by D-53 Grenadier with Mini Grenade Launcher Last Messages --------------- Acquired 8 matter. Acquired 15 matter. Acquired 11 matter. EXIT=FOUND T-07 Excavator is excavating. U-05 Engineer lays Concrete. U-05 Engineer builds a Wall. System corrupted: Energy discharge (-26). System corrupted: Matter fused (-10). OEX9SHS 8EFKKUWR 5N GJ13 ALERT: Infestation in the mines, dispatching Demolisher response squad. C-30 ARC bursts open, deploying its payload. D-53 Grenadier unfolds itself. The unstable cave ceiling collapses. K-01 Serf collects debris. Lgt. Assault Rifle destroyed. Aluminum Leg destroyed. K-01 Serf collects debris. Aluminum Leg destroyed. Map ----- +----------------------------------------------------+ | | | | | | | | | | | | | | | ??????????????????????????????????????????????? | | ??????????????????????????????????????????????? | | ??????????????????????????????????????????????? | | ??????????????????????????????????????????????? | | ??????????????????????????????????????????????? | | ??????????????????????????????????????????????? | | ??????????????????????????????????????????????? | | ??????????????????????????????????????????????? | | ?????????????????????##???????????????????????? | | ????????????????????## #??????????????????????? | | ????????????????????# ??????###?????????????? | | ????????????????????? #?????# ?????????????? | | ????????????????????? ##???# #?????????????? | | ?????????????????????? < ###?# #?????????????? | | ?????????????????????## ### ##????????????? | | ????????????????????## # #### #???????? | | ????????????????????# #???????? | | ???????????????????## #????????????? | | ???????????????????# @ ##???????????? | | ???????????????????# d ##??????????? | | ???????????????????# d ##?????????? | | ???????????????????#k # #####?????? | | ???????????????????# # ## """ ##????? | | ???????????????????# ######## """ #????? | | ???????????????????# ???????# """ #????? | | ??????????????????? ????????# #####????? | | ??????????????????k?????????## ##????????? | | ????????????????? ???????????### #?????????? | | ????????????????#??????????????### #?????????? | | ?????????????????????????????????# #?????????? | | ?????????????????????????????????# #?????????? | | ?????????????????????????????????# #?????????? | | ?????????????????????????????????# #?????????? | | ?????????????????????????????????# #?????????? | | ?????????????????????????????????# #?????????? | | ?????????????????????????????????# #?????????? | | ?????????????????????????????????# #?????????? | | ?????????????????????????????????# #?????????? | | ?????????????????????????????????# #?????????? | | ?????????????????????????????????# ######????? | | ?????????????????????????????????# #????? | | ?????????????????????????????????# #????? | | ?????????????????????????????????###### #????? | +----------------------------------------------------+ Best States ------------- Heat Dissipation 25 Energy Generation 10 Energy Capacity 125 Matter Stores 300 Matter Capacity 300 Sight Range 16 Terrain Scan Density 10 Evasion (%) 55 Recoil Reduction 1 Item Schematics ----------------- None Robot Schematics ------------------ None Fabricated ------------ Nothing Alien Tech Used ----------------- None Achievements -------------- None Challenges ------------ None Game ------ Seed ChainRecyclingCore Manual? 0 Play Time 00:05:56 Cumulative 12.5 hours Start 2024.07.12 @ 16:53:24 End 2024.07.13 @ 01:14:03 Sessions 2 Manual Loads 0 Difficulty Rogue Special Mode None Game No. 25 Rogue 25 Adventurer 0 Explorer 0 Win Type - Total 0 Types 0/0/0/0/0/0/0/0/0 Lore% 17 Gallery% 23 Achievement% 16 Wizard Run 0 Options --------- Layout 1 ASCII 0 Keyboard 0 Movement Arrows Keybinds 0 Fullscreen 1 Font 32/SmallcapsGlow Map View 50x35 Zoom Use 0% Tactical HUD 0 Map Filters NONE Filters NONE Steam 1 RUN: 022fa57e-02e5-4750-af06-2f9d8358a0c5